[Event "ICC Open 2015"]
[Site "Internet Chess Club"]
[Date "2015.05.29"]
[Round "8"]
[White "jonpetur"]
[Black "bennywins"]
[Result "1-0"]
[ICCResult "Black checkmated"]
[WhiteElo "1519"]
[BlackElo "1163"]
[Opening "Benko's opening"]
[ECO "A00"]
[NIC "VO.09"]
[Time "15:27:57"]
[TimeControl "180+0"]

1. g3 c5 2. Bg2 Nc6 3. b3 d5 4. Bb2 e5 5. d3 d4 6. Nd2 Be6 7. e3 Bd6 8. Ne2
Nf6 9. exd4 exd4 10. Nf4 O-O 11. Nxe6 fxe6 12. Qe2 Re8 13. O-O-O e5 14. Ne4
Nxe4 15. Bxe4 Qg5+ 16. Kb1 Rf8 17. Bc1 Qf6 18. Qh5 g6 19. Qg4 Rae8 20. Rhf1
Ne7 21. Bh6 Rf7 22. Qd7 Ref8 23. Bxf8 Rxf8 24. f4 exf4 25. gxf4 Rb8 26. f5
Nxf5 27. Bxf5 gxf5 28. Rxf5 Qg6 29. Rdf1 Rf8 30. Rxf8+ Bxf8 31. Qxb7 Qg7 32.
Qd5+ Qf7 33. Qxf7+ Kh8 34. Qxf8# {Black checkmated} 1-0

[Event "ICC Open 2015"]
[Site "Internet Chess Club"]
[Date "2015.05.29"]
[Round "8"]
[White "danim2015"]
[Black "Megadeth"]
[Result "1-0"]
[ICCResult "Black resigns"]
[WhiteElo "1689"]
[BlackElo "1384"]
[Opening "Queen's pawn game"]
[ECO "D02"]
[NIC "QP.08"]
[Time "15:27:58"]
[TimeControl "180+0"]

1. d4 d5 2. Nf3 c6 3. e3 e6 4. Be2 Nf6 5. O-O Be7 6. Nbd2 O-O 7. a3 a5 8. b3
Nbd7 9. Bb2 c5 10. Ne5 Nxe5 11. dxe5 Nd7 12. c4 f6 13. exf6 Bxf6 14. Qc2
Bxb2 15. Qxb2 Qf6 16. Qxf6 Nxf6 17. Rac1 b6 18. Bf3 Bb7 19. Rfd1 Rad8 20.
cxd5 exd5 21. Nc4 dxc4 22. Bxb7 cxb3 23. Ba6 Ra8 24. Bc4+ Kh8 25. Bxb3 a4
26. Bc4 Rab8 27. Rb1 Ne4 28. Rd7 Nc3 29. Rc1 Ne2+ 30. Bxe2 {Black resigns}
1-0

[Event "ICC Open 2015"]
[Site "Internet Chess Club"]
[Date "2015.05.29"]
[Round "8"]
[White "geographywhiz"]
[Black "nihil95"]
[Result "1-0"]
[ICCResult "Black checkmated"]
[WhiteElo "1961"]
[BlackElo "1696"]
[Opening "Queen's Pawn"]
[ECO "B07"]
[NIC "QO.17"]
[Time "15:28:33"]
[TimeControl "180+0"]

1. d4 d6 2. e4 c6 3. c4 g6 4. d5 Bg7 5. Nc3 c5 6. Nf3 Nf6 7. Bd3 O-O 8. O-O
Bg4 9. Bg5 Bxf3 10. Qxf3 Nbd7 11. Qe2 a6 12. f4 Rb8 13. Bxf6 exf6 14. Qf3
Qe7 15. g3 Rfe8 16. a4 f5 17. exf5 Qf6 18. fxg6 hxg6 19. Rae1 Qd4+ 20. Kg2
Nf6 21. h3 b6 22. Nd1 b5 23. axb5 axb5 24. b3 bxc4 25. bxc4 Rxe1 26. Rxe1
Rb3 27. Nf2 Nh5 28. Re8+ Kh7 29. f5 Be5 30. fxg6+ fxg6 31. Qxh5+ Kg7 32.
Qh8+ Kf7 33. Qf8# {Black checkmated} 1-0

[Event "ICC Open 2015"]
[Site "Internet Chess Club"]
[Date "2015.05.29"]
[Round "8"]
[White "hangingpawns"]
[Black "Supermister"]
[Result "0-1"]
[ICCResult "White checkmated"]
[WhiteElo "2095"]
[BlackElo "2107"]
[Opening "QGD: semi-Slav"]
[ECO "D31"]
[NIC "SL.06"]
[Time "15:27:29"]
[TimeControl "180+0"]

1. d4 d5 2. c4 e6 3. Nc3 c6 4. e3 f5 5. Nf3 Nf6 6. g3 Bd6 7. Bg2 O-O 8. O-O
Ne4 9. Qb3 Nd7 10. Nd2 Ndf6 11. Ndxe4 Nxe4 12. f3 Nxc3 13. Qxc3 Bd7 14. b4
a6 15. Rb1 Be8 16. a4 Bg6 17. Rb2 Qe7 18. c5 Bc7 19. b5 axb5 20. axb5 e5 21.
f4 exd4 22. exd4 Rfe8 23. b6 Bb8 24. Bf3 Ra4 25. Re2 Qf7 26. Rfe1 Rxe2 27.
Rxe2 Bh5 28. Bxh5 Qxh5 29. Kf1 Qh3+ 30. Ke1 h6 31. Qe3 Ra1 32. Kd2 Qf1 33.
Re1 Ra2+ 34. Kd1 Qc4 35. Qe8+ Kh7 36. Re6 Qc2+ 37. Ke1 Qxc1# {White
checkmated} 0-1

[Event "ICC Open 2015"]
[Site "Internet Chess Club"]
[Date "2015.05.29"]
[Round "8"]
[White "Birdy69"]
[Black "Borknagar"]
[Result "1-0"]
[ICCResult "Black resigns"]
[WhiteElo "1768"]
[BlackElo "1964"]
[Opening "Scandinavian: Pytel-Wade variation"]
[ECO "B01"]
[NIC "SD.02"]
[Time "15:27:32"]
[TimeControl "180+0"]

1. e4 d5 2. exd5 Qxd5 3. Nc3 Qd6 4. d4 c6 5. Bc4 Nf6 6. Nge2 Bf5 7. Bf4 Qb4
8. Bb3 e6 9. a3 Qa5 10. O-O Be7 11. Bc4 O-O 12. b4 Qd8 13. Ng3 Bg6 14. h4 h6
15. h5 Bh7 16. Qd2 Nbd7 17. Rfe1 Nb6 18. Bd3 Bxd3 19. Qxd3 Nbd5 20. Nxd5
Nxd5 21. Bd2 Bg5 22. Ne4 Bxd2 23. Qxd2 Qh4 24. Ng3 Nf4 25. Re4 g5 26. hxg6
e5 27. dxe5 Qg5 28. Qxf4 fxg6 29. Qxg5 hxg5 30. e6 Rae8 31. e7 Rf7 32. Rae1
Rf5 33. Nxf5 gxf5 34. Re6 Kf7 35. Rh6 Kg7 36. Rd6 Kf7 37. Rd8 Rxe7 38. Rxe7+
Kxe7 39. Rb8 {Black resigns} 1-0

[Event "ICC Open 2015"]
[Site "Internet Chess Club"]
[Date "2015.05.29"]
[Round "8"]
[White "saya"]
[Black "eltigrecu"]
[Result "1-0"]
[ICCResult "Black resigns"]
[WhiteElo "2609"]
[BlackElo "2092"]
[Opening "QGD Slav: Dutch variation"]
[ECO "D18"]
[NIC "SL.04"]
[Time "15:27:26"]
[TimeControl "180+0"]

1. d4 d5 2. c4 c6 3. Nf3 Nf6 4. Nc3 dxc4 5. a4 Bf5 6. e3 Nbd7 7. Bxc4 e6 8.
O-O Bd6 9. Qe2 Bg4 10. e4 e5 11. d5 cxd5 12. Nxd5 Nxd5 13. Bxd5 Nc5 14. b4
Ne6 15. Qb5+ Kf8 16. Qxb7 Rb8 17. Qxa7 Bxf3 18. gxf3 Rxb4 19. Ba3 Rb8 20.
Bxe6 fxe6 21. Rfd1 Qg5+ 22. Kh1 Rd8 23. Bxd6+ Kg8 24. Qe7 h6 25. Qxg5 hxg5
26. Bxe5 Rf8 27. Kg2 Rh4 28. Rd7 Rf7 29. Rxf7 Kxf7 30. Rb1 g4 31. Kg3 Rh5
32. f4 Rh3+ 33. Kxg4 Rxh2 34. Rb7+ Kf8 35. Rxg7 Rxf2 36. Rb7 Ra2 37. Kg5
Rxa4 38. Kf6 Ke8 39. Re7+ Kd8 40. Rxe6 Kd7 41. Re7+ Kd8 42. f5 Kc8 43. Rc7+
Kd8 44. Re7 Kc8 45. Bd6 Ra6 46. e5 Kd8 47. Ke6 Rc6 48. f6 Rc1 49. Rb7
{Black resigns}
1-0

[Event "ICC Open 2015"]
[Site "Internet Chess Club"]
[Date "2015.05.29"]
[Round "8"]
[White "balion"]
[Black "livis"]
[Result "0-1"]
[ICCResult "White resigns"]
[WhiteElo "1597"]
[BlackElo "1946"]
[Opening "French defense"]
[ECO "C00"]
[NIC "FR.01"]
[Time "15:28:34"]
[TimeControl "180+0"]

1. e4 e6 2. Nc3 d5 3. d3 d4 4. Nce2 c5 5. Ng3 Nc6 6. Nf3 e5 7. Bg5 f6 8. Bd2
Be6 9. Be2 Qd7 10. c3 Nge7 11. b4 dxc3 12. Bxc3 cxb4 13. Bd2 Ng6 14. Qa4 Bd6
15. Rc1 O-O 16. O-O a5 17. d4 Nxd4 18. Qxd7 Nxe2+ 19. Nxe2 Bxd7 20. Be3 Bb5
21. Rfe1 Rfc8 22. Ng3 Ne7 23. Bb6 a4 24. Rxc8+ Rxc8 25. h3 Kf7 26. Re2 Ke6
27. Nh4 Bxe2 28. Nxe2 b3 29. axb3 axb3 30. Nf3 b2 31. Nd2 Rc1+ 32. Nxc1
bxc1=Q+ 33. Nf1 Bc5 34. Bd8 Qe1 35. Bxe7 Qxf2+ 36. Kh2 Kxe7 37. Ng3 Qf4
{White resigns}
0-1

[Event "ICC Open 2015"]
[Site "Internet Chess Club"]
[Date "2015.05.29"]
[Round "8"]
[White "SPARNALIQ"]
[Black "Tut"]
[Result "0-1"]
[ICCResult "White resigns"]
[WhiteElo "2815"]
[BlackElo "3202"]
[Opening "Ruy Lopez: closed defense"]
[ECO "C87"]
[NIC "RL.13"]
[Time "15:27:55"]
[TimeControl "180+0"]

1. e4 e5 2. Nf3 Nc6 3. Bb5 a6 4. Ba4 Nf6 5. O-O Be7 6. Re1 b5 7. Bxb5 axb5
8. d3 d6 9. a3 O-O 10. Nbd2 Be6 11. Nf1 Re8 12. Ng3 Bf8 13. Bg5 h6 14. Be3
g6 15. h3 Bg7 16. Qd2 Kh7 17. d4 exd4 18. Nxd4 Nxd4 19. Bxd4 c5 20. Be3 Qd7
21. Rad1 Rad8 22. Bf4 d5 23. e5 Ne4 24. Nxe4 dxe4 25. Qxd7 Rxd7 26. Rxd7
Bxd7 27. Rxe4 g5 28. Bh2 f5 29. Re1 f4 30. Rd1 Bf5 31. g4 Bxc2 32. Rd2 Be4
33. Rd7 {White resigns} 0-1

[Event "ICC Open 2015"]
[Site "Internet Chess Club"]
[Date "2015.05.29"]
[Round "8"]
[White "ElFenomeno"]
[Black "NAS"]
[Result "1-0"]
[ICCResult "Black resigns"]
[WhiteElo "1904"]
[BlackElo "1688"]
[Opening "Grünfeld: modern exchange variation"]
[ECO "D85"]
[NIC "GI.04"]
[Time "15:28:15"]
[TimeControl "180+0"]

1. d4 Nf6 2. c4 g6 3. Nc3 d5 4. cxd5 Nxd5 5. e4 Nxc3 6. bxc3 Bg7 7. Nf3 c5
8. Rb1 O-O 9. Be3 Nc6 10. Be2 cxd4 11. cxd4 Bg4 12. d5 Na5 13. O-O b6 14.
Nd4 Bxe2 15. Qxe2 Qd6 16. Rfc1 Rac8 17. Nb5 Qb8 18. Qd3 Rfd8 19. Rxc8 Rxc8
20. Rc1 Rxc1+ 21. Bxc1 a6 22. Nd4 Qc8 23. Be3 Nc4 24. Nc6 {Black resigns}
1-0

[Event "ICC Open 2015"]
[Site "Internet Chess Club"]
[Date "2015.05.29"]
[Round "8"]
[White "ErnestoRondon"]
[Black "sakram07"]
[Result "0-1"]
[ICCResult "White resigns"]
[WhiteElo "1844"]
[BlackElo "1818"]
[Opening "French: advance variation"]
[ECO "C02"]
[NIC "FR.03"]
[Time "15:27:39"]
[TimeControl "180+0"]

1. e4 e6 2. d4 d5 3. e5 c5 4. c3 Nc6 5. Ne2 Qb6 6. g3 Bd7 7. Bh3 cxd4 8.
cxd4 Nge7 9. O-O Nf5 10. Bxf5 exf5 11. Nbc3 Be6 12. Be3 Bb4 13. Nf4 Bxc3 14.
bxc3 h6 15. c4 Qd8 16. cxd5 Bxd5 17. Nxd5 Qxd5 18. f4 h5 19. Qb3 Qe4 20. d5
h4 21. Bf2 hxg3 22. Bxg3 Nd4 23. Qa4+ Kf8 24. Qb4+ Kg8 25. Qd2 Nf3+ 26. Rxf3
Qxf3 27. d6 Rd8 28. Re1 Rh3 29. Qg2 Qxg2+ 30. Kxg2 Rh6 31. Rc1 Rd7 32. Kf2
f6 33. Ke3 fxe5 34. fxe5 Re6 35. Kd4 Kf7 36. Kd5 Rg6 37. Rf1 Rg5 38. e6+ Ke8
39. exd7+ Kxd7 40. Re1 f4+ 41. Ke4 fxg3 42. hxg3 Rxg3 43. Kd5 Rg5+ 44. Kc4
Kxd6 45. Rf1 Rg2 46. a4 g5 47. Rf7 Rc2+ 48. Kb3 Rc7 49. Rf6+ Ke5 50. Rg6 Kf5
51. Rg8 Kf4 52. Rf8+ Kg3 53. Kb4 g4 54. Kb5 Kg2 55. a5 g3 56. a6 bxa6+ 57.
Kxa6 Rc3 58. Kxa7 Rf3 59. Rh8 Kf2 60. Rg8 g2 61. Kb6 g1=Q 62. Rxg1 Kxg1
{White resigns}
0-1

[Event "ICC Open 2015"]
[Site "Internet Chess Club"]
[Date "2015.05.29"]
[Round "8"]
[White "PaYbAcK"]
[Black "FedoseevVl95"]
[Result "0-1"]
[ICCResult "White resigns"]
[WhiteElo "2653"]
[BlackElo "3094"]
[Opening "Robatsch defense: Pseudo-Austrian attack"]
[ECO "B06"]
[NIC "KF.05"]
[Time "15:27:25"]
[TimeControl "180+0"]

1. e4 g6 2. d4 Bg7 3. Nc3 d6 4. f4 a6 5. Nf3 b5 6. Bd3 Bb7 7. O-O Nd7 8. e5
e6 9. Qe2 Ne7 10. Ne4 Nb6 11. Bd2 O-O 12. c3 Nc4 13. Be1 Nd5 14. Nfd2 Nxb2
15. Bc2 Nb6 16. h4 N2c4 17. Nxc4 Nxc4 18. h5 c5 19. dxc5 dxe5 20. hxg6 hxg6
21. fxe5 Bxe5 22. Rd1 Qc7 23. Bf2 Rad8 24. Bd4 f5 25. Ng5 Bd5 26. Rde1 Bh2+
27. Kh1 Bg3 28. Bf2 Bxf2 29. Qxf2 e5 30. Rd1 e4 31. Nh3 e3 32. Qe2 Rfe8 33.
Nf4 Bf7 34. g4 Rd2 35. Rxd2 exd2 36. Qh2 Qc6+ 37. Kg1 Qxc5+ {White resigns}
0-1

[Event "ICC Open 2015"]
[Site "Internet Chess Club"]
[Date "2015.05.29"]
[Round "8"]
[White "savlanut"]
[Black "MrsPiggy"]
[Result "0-1"]
[ICCResult "White checkmated"]
[WhiteElo "1235"]
[BlackElo "1406"]
[Opening "QGA: 3.e4"]
[ECO "D20"]
[NIC "QG.04"]
[Time "15:27:52"]
[TimeControl "180+0"]

1. d4 d5 2. c4 dxc4 3. e4 Nf6 4. e5 Nd5 5. Bxc4 c6 6. Nc3 e6 7. Nf3 Bb4 8.
Bd2 O-O 9. O-O b5 10. Bb3 f6 11. Rc1 fxe5 12. dxe5 Qe8 13. Ne4 Qg6 14. Nd6
Bxd2 15. Qxd2 Bd7 16. Nd4 a5 17. a4 b4 18. h3 Nf4 19. g4 Nxh3+ 20. Kh2 Qxg4
21. Rg1 Qh4 22. f3 Nf4# {White checkmated} 0-1

[Event "ICC Open 2015"]
[Site "Internet Chess Club"]
[Date "2015.05.29"]
[Round "8"]
[White "Inmune"]
[Black "QuezadaY"]
[Result "1/2-1/2"]
[ICCResult "Game drawn by repetition"]
[WhiteElo "2996"]
[BlackElo "3341"]
[Opening "Queen's pawn game"]
[ECO "A46"]
[NIC "QP.05"]
[Time "15:29:13"]
[TimeControl "180+0"]

1. d4 Nf6 2. Nf3 e6 3. Bf4 b6 4. e3 Be7 5. Nbd2 c5 6. c3 O-O 7. Bd3 Ba6 8.
Bxa6 Nxa6 9. O-O cxd4 10. exd4 Qc8 11. Re1 Qb7 12. a4 Nc7 13. Ne5 a6 14. Qf3
Qxf3 15. Nexf3 Rfc8 16. Bxc7 Rxc7 17. Ne5 d6 18. Nd3 g6 19. Re2 Bf8 20. Ne4
Nd5 21. g3 h6 22. h4 f5 23. Nd2 Kf7 24. f4 Bg7 25. Kg2 Bf6 26. Nf3 Rg8 27.
Rae1 Re8 28. Rd1 Rc4 29. Ra1 Rc7 30. Rd1 Rg8 31. Rde1 Re8 32. Rd1
{Game drawn by repetition}
1/2-1/2

[Event "ICC Open 2015"]
[Site "Internet Chess Club"]
[Date "2015.05.29"]
[Round "8"]
[White "Piranha"]
[Black "olakenn"]
[Result "1/2-1/2"]
[ICCResult "Game drawn by mutual agreement"]
[WhiteElo "1829"]
[BlackElo "1631"]
[Opening "Caro-Kann: advance variation"]
[ECO "B12"]
[NIC "CK.02"]
[Time "15:28:14"]
[TimeControl "180+0"]

1. e4 c6 2. d4 d5 3. e5 c5 4. dxc5 Nc6 5. c3 Bf5 6. b4 e6 7. Be3 Nxe5 8. f4
Ng4 9. Bd4 Ne7 10. Nf3 Nc6 11. Bb5 Be7 12. O-O Qc7 13. Bxg7 Rg8 14. Be5 Qd7
15. Qe1 O-O-O 16. Nbd2 a6 17. a4 axb5 18. axb5 Ncxe5 19. fxe5 Qxb5 20. Ra5
Qd3 {Game drawn by mutual agreement} 1/2-1/2

[Event "ICC Open 2015"]
[Site "Internet Chess Club"]
[Date "2015.05.29"]
[Round "8"]
[White "perronegro"]
[Black "FavoritePawn"]
[Result "1-0"]
[ICCResult "Black resigns"]
[WhiteElo "1603"]
[BlackElo "1207"]
[Opening "French defense"]
[ECO "C00"]
[NIC "FR.01"]
[Time "15:28:39"]
[TimeControl "180+0"]

1. e4 e6 2. Nf3 d5 3. exd5 exd5 4. d4 Nf6 5. Bd3 Bd6 6. O-O Nc6 7. c3 O-O 8.
Re1 Re8 9. Rxe8+ Qxe8 10. Bg5 Qe7 11. Bxf6 Qxf6 12. Nbd2 Be6 13. Qc2 Bg4 14.
Re1 g6 15. h3 Bxf3 16. Nxf3 h5 17. b4 a5 18. b5 Ne7 19. Ne5 Bxe5 20. Rxe5
Re8 21. a4 c6 22. Qe2 cxb5 23. Bxb5 Rf8 24. Rxe7 Qg7 25. Rxb7 Qh6 26. Rd7
Qc1+ 27. Kh2 Qxc3 28. Rxd5 Qc7+ 29. g3 Kg7 30. Re5 f6 31. Re7+ {Black
resigns} 1-0

[Event "ICC Open 2015"]
[Site "Internet Chess Club"]
[Date "2015.05.29"]
[Round "8"]
[White "jugador"]
[Black "anu1217"]
[Result "0-1"]
[ICCResult "White resigns"]
[WhiteElo "1683"]
[BlackElo "1878"]
[Opening "Ruy Lopez: Cozio defense"]
[ECO "C60"]
[NIC "RL.04"]
[Time "15:30:29"]
[TimeControl "180+0"]

1. e4 e5 2. Nf3 Nc6 3. Bb5 Nge7 4. c3 g6 5. d4 exd4 6. cxd4 d5 7. Nc3 dxe4
8. Nxe4 Bg7 9. Bg5 O-O 10. Bxc6 bxc6 11. O-O Be6 12. h3 f6 13. Bf4 Nd5 14.
Bg3 f5 15. Be5 fxe4 {White resigns} 0-1

[Event "ICC Open 2015"]
[Site "Internet Chess Club"]
[Date "2015.05.29"]
[Round "8"]
[White "opportunity"]
[Black "ForkNPin"]
[Result "1-0"]
[ICCResult "Black resigns"]
[WhiteElo "1906"]
[BlackElo "1619"]
[Opening "Ruy Lopez: Berlin defense, Nyholm attack"]
[ECO "C44"]
[NIC "SO.06"]
[Time "15:28:11"]
[TimeControl "180+0"]

1. e4 e5 2. d4 exd4 3. Nf3 Nc6 4. Bb5 Nf6 5. O-O d6 6. Nxd4 Bd7 7. Re1 Be7
8. Nc3 Nxd4 9. Qxd4 Bxb5 10. Nxb5 O-O 11. c4 c6 12. Nc3 Rb8 13. Qxa7 Qc7 14.
Qd4 Rfe8 15. Bf4 Nh5 16. Be3 g6 17. Rad1 Bf6 18. Qd3 Ng7 19. f3 Ne6 20. a3
Nc5 21. Bxc5 dxc5 22. Kh1 Bd4 23. b3 b5 24. cxb5 cxb5 25. Nd5 Qc6 26. b4 Bg7
27. bxc5 Qxc5 28. Rc1 Qa7 29. Rc7 Rb7 30. Rec1 Rxc7 31. Rxc7 Qa4 32. h3 Be5
33. Rb7 Rc8 34. f4 Rc1+ 35. Kh2 Bg7 36. Qxb5 Qxe4 37. Rb8+ Bf8 38. Nf6+ Kg7
39. Nxe4 Re1 40. Qe5+ f6 {Black resigns} 1-0

[Event "ICC Open 2015"]
[Site "Internet Chess Club"]
[Date "2015.05.29"]
[Round "8"]
[White "HuevosDeLeon"]
[Black "dafresh"]
[Result "1-0"]
[ICCResult "Black resigns"]
[WhiteElo "2713"]
[BlackElo "2274"]
[Opening "French: Tarrasch"]
[ECO "C03"]
[NIC "FR.14"]
[Time "15:29:20"]
[TimeControl "180+0"]

1. e4 e6 2. d4 d5 3. Nd2 Be7 4. Bd3 c5 5. dxc5 Nf6 6. Qe2 Nc6 7. Ngf3 O-O 8.
O-O Nd7 9. c3 Nxc5 10. Bc2 b6 11. Re1 Ba6 12. Qe3 Rc8 13. b4 d4 14. Nxd4
Nxd4 15. cxd4 Nd3 16. Bxd3 Rc3 17. Bxa6 Rxe3 18. fxe3 Bxb4 19. Rb1 Qe7 20.
Rf1 Bc3 21. e5 Qa3 22. Bxa3 {Black resigns} 1-0

[Event "ICC Open 2015"]
[Site "Internet Chess Club"]
[Date "2015.05.29"]
[Round "8"]
[White "MoonlightWizard"]
[Black "zona"]
[Result "1-0"]
[ICCResult "Black resigns"]
[WhiteElo "2986"]
[BlackElo "2535"]
[Opening "Sicilian: dragon, classical, Alekhine variation"]
[ECO "B74"]
[NIC "SI.33"]
[Time "15:29:11"]
[TimeControl "180+0"]

1. e4 c5 2. Nf3 Nc6 3. d4 cxd4 4. Nxd4 g6 5. Nc3 Bg7 6. Be3 Nf6 7. Be2 O-O
8. Nb3 d6 9. O-O a5 10. a4 Be6 11. f4 Rc8 12. Bf3 Bc4 13. Re1 Nd7 14. Nd4
Nb4 15. Qd2 Ba6 16. Rad1 Nb6 17. b3 Qc7 18. Ncb5 Qd8 19. c3 Nc6 20. e5 Bxb5
21. Nxb5 Nxe5 22. fxe5 Bxe5 23. c4 Nd7 24. Bd4 Bxd4+ 25. Qxd4 b6 26. Qc3 Rc5
27. Nd4 e6 28. Qd2 Ne5 29. Be2 Qe7 30. Bf1 Rd8 31. Nb5 d5 32. Rxe5 Qf6 33.
Ree1 {Black resigns} 1-0

[Event "ICC Open 2015"]
[Site "Internet Chess Club"]
[Date "2015.05.29"]
[Round "8"]
[White "gonesailing"]
[Black "Spirals"]
[Result "0-1"]
[ICCResult "White resigns"]
[WhiteElo "1510"]
[BlackElo "2145"]
[Opening "Sicilian: wing gambit, Marshall variation"]
[ECO "B20"]
[NIC "SI.48"]
[Time "15:29:05"]
[TimeControl "180+0"]

1. e4 c5 2. b4 cxb4 3. a3 e6 4. axb4 Bxb4 5. c3 Be7 6. Nf3 Nf6 7. e5 Nd5 8.
d4 Nc6 9. Bd3 h6 10. O-O d6 11. exd6 Qxd6 12. Re1 O-O 13. Bc2 f5 14. Ne5
Nxe5 15. Rxe5 Bf6 16. Ba3 Qc7 17. Re1 Rd8 18. Qd3 Bd7 19. g4 Re8 20. Nd2
Qxc3 21. gxf5 Qxd3 22. Bxd3 Nf4 23. Bc4 Kh8 24. fxe6 Nxe6 25. Rab1 Nxd4 26.
Rxb7 Rxe1+ 27. Kg2 Bc6+ {White resigns} 0-1

[Event "ICC Open 2015"]
[Site "Internet Chess Club"]
[Date "2015.05.29"]
[Round "8"]
[White "Kempka"]
[Black "Chaos23"]
[Result "1-0"]
[ICCResult "Black resigns"]
[WhiteElo "2725"]
[BlackElo "2059"]
[Opening "Benkö gambit: fianchetto variation"]
[ECO "A58"]
[NIC "BI.39"]
[Time "15:28:26"]
[TimeControl "180+0"]

1. d4 Nf6 2. c4 c5 3. d5 b5 4. cxb5 a6 5. bxa6 Bxa6 6. Nc3 d6 7. Nf3 g6 8.
g3 Bg7 9. Bg2 O-O 10. Rb1 Nbd7 11. O-O Nb6 12. b3 c4 13. Nd4 cxb3 14. Nc6
Qd7 15. axb3 Ng4 16. Na4 Nxa4 17. bxa4 Ne5 18. Bb2 Rac8 19. Bxe5 dxe5 20.
Rb6 Bc4 21. Rb4 Ba6 22. Re1 f5 23. Rb6 Bb7 24. Qb3 Ba8 25. a5 Kh8 26. a6 e4
27. Rc1 Rc7 28. e3 Rfc8 29. Bf1 Bxc6 30. dxc6 Rxc6 31. Rcxc6 Rxc6 32. Rxc6
Qxc6 33. Qb8+ {Black resigns} 1-0

[Event "ICC Open 2015"]
[Site "Internet Chess Club"]
[Date "2015.05.29"]
[Round "8"]
[White "chessrex"]
[Black "Zwischenzug"]
[Result "1-0"]
[ICCResult "Black resigns"]
[WhiteElo "2065"]
[BlackElo "1818"]
[Opening "Paleface attack"]
[ECO "A45"]
[NIC "QP.07"]
[Time "15:29:10"]
[TimeControl "180+0"]

1. d4 Nf6 2. f3 c5 3. d5 e6 4. e4 exd5 5. e5 Nh5 6. g3 g6 7. f4 Bg7 8. Qxd5
O-O 9. Be2 d6 10. Bxh5 dxe5 11. Qxd8 Rxd8 12. Be2 exf4 13. gxf4 Nc6 14. c3
Bf5 15. Nf3 Rf8 16. Kf2 Rfe8 17. Bb5 Bd7 18. Be3 b6 19. Bxc6 Bxc6 20. Re1
Rad8 21. Nbd2 Rd3 22. Rad1 Red8 23. Ke2 Bb5 24. c4 Ba4 25. b3 Bc6 26. Ne5
Bg2 27. Nxd3 Be5 28. Nxe5 {Black resigns} 1-0

[Event "ICC Open 2015"]
[Site "Internet Chess Club"]
[Date "2015.05.29"]
[Round "8"]
[White "canpawn"]
[Black "mrrr"]
[Result "0-1"]
[ICCResult "White checkmated"]
[WhiteElo "1522"]
[BlackElo "1836"]
[Opening "Caro-Kann defense"]
[ECO "B10"]
[NIC "CK.01"]
[Time "15:28:50"]
[TimeControl "180+0"]

1. e4 c6 2. Nf3 d5 3. exd5 cxd5 4. d4 Nc6 5. Bb5 Bg4 6. Nc3 e6 7. O-O Qc7 8.
h3 Bxf3 9. Qxf3 Bd6 10. Bg5 Ne7 11. Rae1 O-O 12. Re2 Nxd4 13. Qg4 Nxe2+ 14.
Bxe2 Ng6 15. Bd3 a6 16. h4 Ne5 17. Bg6 Nxg4 18. Bd3 Ne5 19. Be2 b5 20. Nd1
h6 21. Be3 Nc4 22. Bc1 Bc5 23. c3 Qg3 24. b3 Nd6 25. Ne3 Bxe3 26. Bxe3 Qxh4
27. g3 Qd8 28. Kg2 Rc8 29. Bd4 Nf5 30. Be5 f6 31. Bf4 Rxc3 32. Bd2 Rc2 33.
Rd1 d4 34. Bd3 Qd5+ 35. f3 Ne3+ 36. Kf2 Nxd1+ 37. Ke2 Rxd2+ 38. Kxd2 Ne3 39.
f4 Qg2+ 40. Be2 f5 41. Kd3 Qe4+ 42. Kd2 Rc8 43. Ke1 Rc1+ 44. Kf2 Qg2#
{White checkmated}
0-1

[Event "ICC Open 2015"]
[Site "Internet Chess Club"]
[Date "2015.05.29"]
[Round "8"]
[White "Prof-chess"]
[Black "dietcoke"]
[Result "1-0"]
[ICCResult "Black resigns"]
[WhiteElo "2828"]
[BlackElo "2232"]
[Opening "Ruy Lopez: Bird's defense"]
[ECO "C61"]
[NIC "RL.05"]
[Time "15:27:44"]
[TimeControl "180+0"]

1. e4 e5 2. Nf3 Nc6 3. Bb5 Nd4 4. Nxd4 exd4 5. O-O c6 6. Bc4 Nf6 7. d3 d5 8.
exd5 Nxd5 9. Re1+ Be7 10. Nd2 Be6 11. Nf3 Bf6 12. Re4 Nc7 13. Bf4 O-O 14.
Bxc7 Qxc7 15. Bxe6 fxe6 16. Rxe6 Rae8 17. Qe2 Qd7 18. Re1 Rxe6 19. Qxe6+
Qxe6 20. Rxe6 Kf7 21. Re4 Rd8 22. g4 h6 23. h4 g6 24. Kg2 c5 25. Kg3 g5 26.
h5 Rd6 27. Nd2 b5 28. Nf3 b4 29. Ne5+ Bxe5+ 30. Rxe5 Ra6 31. Rxc5 Rxa2 32.
b3 a5 33. Kf3 Ra1 34. Rc7+ Kf6 35. Rc6+ Ke5 36. Rxh6 Rh1 37. Ra6 Rh3+ 38.
Kg2 Rh4 39. f3 Kf4 40. Re6 {Black resigns} 1-0

[Event "ICC Open 2015"]
[Site "Internet Chess Club"]
[Date "2015.05.29"]
[Round "8"]
[White "Havank"]
[Black "nurmi"]
[Result "0-1"]
[ICCResult "White resigns"]
[WhiteElo "2063"]
[BlackElo "2200"]
[Opening "Old Indian defense"]
[ECO "A42"]
[NIC "OI.07"]
[Time "15:27:37"]
[TimeControl "180+0"]

1. d4 d6 2. c4 e5 3. Nc3 Nd7 4. g3 g6 5. Bg2 Bg7 6. Nf3 c6 7. O-O Ne7 8. e4
O-O 9. d5 Nc5 10. b4 Na6 11. a3 f5 12. Ng5 h6 13. Ne6 Bxe6 14. dxe6 Nc7 15.
exf5 gxf5 16. Qh5 Kh7 17. Ne4 Nxe6 18. Rd1 d5 19. Ng5+ Nxg5 20. Bxg5 e4 21.
Rac1 d4 22. g4 Qe8 23. Qxe8 Raxe8 24. Bxe7 Rxe7 25. gxf5 Rxf5 26. Re1 Rfe5
27. Rcd1 e3 28. fxe3 Rxe3 29. Kf2 Bf6 30. Rxe3 Rxe3 31. Bf1 Rxa3 32. Bd3+
Kg7 33. Rg1+ Bg5 34. Ke2 Ra2+ 35. Kf3 Rxh2 36. b5 c5 37. Ke4 Rh3 38. Rd1 Be7
39. Kd5 Re3 40. Be4 h5 41. Rg1+ Kf8 42. Rg6 h4 43. Rh6 d3 44. Rg6 d2 45. Rg1
Re1 {White resigns} 0-1

[Event "ICC Open 2015"]
[Site "Internet Chess Club"]
[Date "2015.05.29"]
[Round "8"]
[White "BORIS-51"]
[Black "legatus"]
[Result "1-0"]
[ICCResult "Black forfeits on time"]
[WhiteElo "2079"]
[BlackElo "2365"]
[Opening "Scotch: Göring gambit"]
[ECO "C44"]
[NIC "SO.06"]
[Time "15:27:22"]
[TimeControl "180+0"]

1. e4 e5 2. Nf3 Nc6 3. d4 exd4 4. c3 d5 5. exd5 Qxd5 6. Nxd4 Nxd4 7. cxd4
Nf6 8. Nc3 Bb4 9. Qa4+ Bd7 10. Qxb4 Qe6+ 11. Be2 a5 12. Qc5 Bc6 13. Qe5 Qxe5
14. dxe5 Nd7 15. f4 Bxg2 16. Rg1 Bh3 17. Rxg7 Bf5 18. Rg3 O-O-O 19. Be3 h5
20. O-O-O h4 21. Rg5 Bh3 22. Bg4 Bxg4 23. Rxg4 Nf8 24. Rxd8+ Kxd8 25. f5 Nd7
26. Bf4 h3 27. e6 Nf6 28. Rg7 fxe6 29. Bg5 Rf8 30. fxe6 Kc8 31. e7 Re8 32.
Bxf6 Kd7 33. Rh7 c6 34. Rxh3 Ke6 35. Bh4 Rg8 36. Re3+ Kd7 37. Rd3+ Ke6 38.
Rd8 Kf7 39. Rxg8 Kxg8 40. e8=Q+ Kh7 41. Qf7+ {Black forfeits on time} 1-0

[Event "ICC Open 2015"]
[Site "Internet Chess Club"]
[Date "2015.05.29"]
[Round "8"]
[White "nmd"]
[Black "HaraldEskilstu"]
[Result "0-1"]
[ICCResult "White forfeits on time"]
[WhiteElo "1725"]
[BlackElo "2009"]
[Opening "Queen's pawn game, Chigorin variation"]
[ECO "D02"]
[NIC "QP.08"]
[Time "15:28:13"]
[TimeControl "180+0"]

1. d4 d5 2. Nf3 Nc6 3. e3 Bg4 4. Nbd2 Nf6 5. h3 Bxf3 6. Nxf3 e6 7. c4 Bb4+
8. Nd2 O-O 9. a3 Be7 10. Bd3 e5 11. cxd5 Nxd5 12. dxe5 Nxe5 13. Bb1 Nf6 14.
O-O Qd6 15. Qc2 Rad8 {White forfeits on time} 0-1